 Dungeon Crawl Stone Soup version 0.24.0-123-gd5b16e6ec5 (webtiles) character file.

Game seed: 5216477275785280207, levelgen mode: deterministic

534 MisterOstroum the Firebug (level 7, 53/53 HPs)
             Began as a Green Draconian Fire Elementalist on Jan 11, 2020.
             Quit the game on level 4 of the Dungeon.
             The game lasted 00:09:07 (4160 turns).

MisterOstroum the Firebug (DrFE)                    Turns: 4160, Time: 00:09:08

Health: 53/53      AC:  7    Str: 11    XL:     7   Next: 4%
Magic:  3/12       EV: 11    Int: 21    God:
Gold:   168        SH:  0    Dex:  6    Spells: 4/12 levels left

rFire    . . .     SeeInvis .   u - +9 short sword of Midnight {pain, rPois rC+ Int+4 Dex-5}
rCold    + . .     Gourm    .   (no shield)
rNeg     . . .     Faith    .   (armour unavailable)
rPois    +         Spirit   .   (helmet restricted)
rElec    .         Reflect  .   (no cloak)
rCorr    .         Harm     .   (no gloves)
MR       .....                  p - +0 pair of boots
Stlth    +++.......             (no amulet)
HPRegen  0.17/turn              i - ring of stealth
MPRegen  0.13/turn              f - ring of stealth

@: no status effects
A: breathe noxious fumes, unfitting armour, poison resistance, cold-blooded, AC
+6
a: Breathe Noxious Fumes


You were on level 4 of the Dungeon.
You were not hungry.

You visited 1 branch of the dungeon, and saw 4 of its levels.

You collected 168 gold pieces.

Inventory:

Hand Weapons
 k - a +0 short sword
 l - a +0 dagger
 u - the +9 short sword of Midnight (weapon) {pain, rPois rC+ Int+4 Dex-5}
   (You found it on level 4 of the Dungeon)

   In the hands of one skilled in necromantic magic, it inflicts extra damage on
   living creatures.
   It affects your intelligence (+4).
   It affects your dexterity (-5).
   It protects you from cold.
   It protects you from poison.
Missiles
 b - 132 stones (quivered)
 h - 42 arrows
 j - 14 sling bullets
Armour
 p - a +0 pair of boots (worn)
 v - a +0 shield
Jewellery
 a - an uncursed ring of poison resistance
 f - a ring of stealth (right hand)
 i - a ring of stealth (left hand)
Scrolls
 d - 5 scrolls of remove curse {@r2}
 n - 2 scrolls of teleportation {@r3 !r}
 o - 3 scrolls of blinking {unknown}
 r - 8 scrolls of identify {@r1}
 s - a scroll of enchant weapon {unknown}
 t - a scroll of fog {unknown}
Potions
 c - a potion of agility {@q5 !q}
 g - 5 potions of might {@q3 !q}
 m - a potion of flight
Comestibles
 e - 6 rations


   Skills:
 * Level 1.8 Fighting
 - Level 0.2 Short Blades
 - Level 1.7 Dodging
 - Level 1.7 Stealth
 + Level 3.3 Spellcasting
 * Level 4.5 Conjurations
 + Level 5.4 Fire Magic


You had 4 spell levels left.
You knew the following spells:

 Your Spells              Type           Power        Failure   Level  Hunger
a - Flame Tongue          Conj/Fire      ###..        1%          1    None
b - Conjure Flame         Conj/Fire      ###.....     4%          3    ###....
c - Sticky Flame          Conj/Fire      ###.....     17%         4    ####...

Your spell library contained the following spells:

 Spells                   Type           Power        Failure   Level  Hunger
 Throw Flame              Conj/Fire      ###...       2%          2    ##.....
 Inner Flame              Hex/Fire       ###.....     13%         3    ###....
 Fireball                 Conj/Fire      ###.......   43%         5    ######.


Dungeon Overview and Level Annotations

Branches:
Dungeon (4/15)
 Temple: D:4-7

Altars:
Uskayaw

Annotations:
D:2 1 runed translucent door, exclusion: door
D:3 Sigmund


Innate Abilities, Weirdness & Mutations

You can breathe blasts of noxious fumes.
Your lurid green scales are hard. (AC +6)
You cannot fit into any form of body armour.
Your system is resistant to poisons. (rPois)
You are cold-blooded and may be slowed by cold attacks.


Message History

The howler monkey is almost dead.
The howler monkey hits you but does no damage.
You hit the howler monkey.
You kill the howler monkey!
Your Fighting skill increases to level 1!
You butcher the howler monkey corpse.
q - a chunk of flesh You see here a howler monkey skeleton. x2
Found a shield.
A giant cockroach comes into view.
A giant cockroach is nearby!
Casting: Flame Tongue (safe; 1% risk of failure)
Confirm with . or Enter, or press ? or * to list all spells.
Aiming: Flame Tongue (safe; 1% risk of failure)
Press: ? - help, Shift-Dir - straight line, f - giant cockroach
Aim: a giant cockroach (clinging, resting)
The flame tongue hits the giant cockroach but does no damage.
Casting: Flame Tongue (safe; 1% risk of failure)
Confirm with . or Enter, or press ? or * to list all spells.
Aiming: Flame Tongue (safe; 1% risk of failure)
Press: ? - help, Shift-Dir - straight line, f/p - giant cockroach
Aim: a giant cockroach (clinging)
The flame tongue hits the giant cockroach!
You kill the giant cockroach!
Casting: Flame Tongue (safe; 1% risk of failure)
Confirm with . or Enter, or press ? or * to list all spells.
You can't see any susceptible monsters within range! (Use Z to cast anyway.)
Casting: Flame Tongue (safe; 1% risk of failure)
Confirm with . or Enter, or press ? or * to list all spells.
You can't see any susceptible monsters within range! (Use Z to cast anyway.)
You see here a shield.
v - a shield
g - 4 potions of might {@q3 !q} (gained 1)
You butcher the giant cockroach corpse.
q - 2 chunks of flesh (gained 1)
g - 5 potions of might {@q3 !q} (gained 1)
b - 132 stones (gained 27)
The quokka is too close now for your liking.
A quokka is nearby!
A quokka is nearby!
Casting: Flame Tongue (safe; 1% risk of failure)
Confirm with . or Enter, or press ? or * to list all spells.
Aiming: Flame Tongue (safe; 1% risk of failure)
Press: ? - help, Shift-Dir - straight line, f - quokka
Aim: a quokka (resting)
The flame tongue hits the quokka!
You kill the quokka!
Found a scythe.
You see here a scythe.
There is a stone staircase leading up here.
Some of the chunks of flesh in your inventory have rotted away.
There is a stone staircase leading down here.
r - 7 scrolls of identify {@r1} (gained 3)
r - 8 scrolls of identify {@r1} (gained 1) Eating a chunk of flesh.
You eat the chunk of flesh.
This raw flesh tastes terrible.
Partly explored, can't reach some places.
Partly explored, can't reach some places.
Partly explored, can't reach some places.
Unknown command.
Edmund hits you but does no damage.
Casting: Flame Tongue (safe; 1% risk of failure)
Confirm with . or Enter, or press ? or * to list all spells.
You don't know that spell.
Unknown command.
Casting: Flame Tongue (safe; 1% risk of failure)
Confirm with . or Enter, or press ? or * to list all spells.
Aiming: Sticky Flame (slightly dangerous; 19% risk of failure)
Press: ? - help, Shift-Dir - straight line, f - Edmund
Aim: Edmund, wielding a +0 antimagic flail and wearing a cursed +0 scale mail The sticky flame hits Edmund but does no damage.
Edmund is covered in liquid flames!
The frilled lizard hisses angrily.
Edmund burns!
Edmund burns!
Edmund burns!
Edmund says, "You wouldn't believe how much I paid for this flail."
Edmund burns!
Edmund burns!
Edmund burns!
Edmund stops burning.
Casting: Sticky Flame (slightly dangerous; 19% risk of failure)
Confirm with . or Enter, or press ? or * to list all spells.
Aiming: Sticky Flame (slightly dangerous; 19% risk of failure)
Press: ? - help, Shift-Dir - straight line, f/p - Edmund
Aim: Edmund, wielding a +0 antimagic flail and wearing a cursed +0 scale mail (severely wounded)
The sticky flame hits Edmund.
Edmund is severely wounded.
Edmund is covered in liquid flames!
Edmund burns!
Edmund hits you but does no damage.
Edmund burns!
Edmund burns!
Edmund burns!
You kill Edmund!
You have reached level 7!
Your scales start taking on a lurid green colour.
You learn Poison Magic much quicker.
You can breathe blasts of noxious fumes.
You feel resistant to poisons.
Okay, then.
Are you sure you want to abandon this character and quit the game? (Confirm with "yes".)

##.# #.# #.# ##.########
######.####### #.# ..........#
#......>.....# #.# .#.######.#
#.####.#####.# #.# .#.# #.# #.#
#.### #.# #.# .#.# #.# #.# #...#
#.# #.# .#.# ##.## #l#
###.###.###.#
.#.#####...#####.#####..........#
................@...............#
#..#####...#####>#####..###.#####
#..........#............# #.#
#.#######..#.###.#####.## #.# #.#
#..#.# #.#####.####.# #.#
###..#.# #............#
#.#####......#########.######
........#..............#
..#######.##############


You could see a frilled lizard.

Vanquished Creatures
  Edmund (D:4)
  A howler monkey (D:4)
  4 orc priests
  A hound (D:4)
  An iguana (D:4)
  Natasha (thrice) (D:2)
  A worker ant (D:4)
  3 adders
  An adder skeleton (D:4)
  A worm (D:2)
  2 dart slugs
  A leopard gecko (D:4)
  7 orcs
  4 giant cockroaches
  7 goblins
  7 hobgoblins
  3 quokkas
  A ball python (D:3)
  10 bats
  4 frilled lizards
  6 kobolds
  5 rats
74 creatures vanquished.

Vanquished Creatures (others)
  4 toadstools (D:1)
4 creatures vanquished.

Grand Total: 78 creatures vanquished

Notes
Turn   | Place    | Note
-------+----------+-------------------------------------------
     0 | D:1      | MisterOstroum the Draconian Fire Elementalist began the
                  | quest for the Orb.
     0 | D:1      | Reached XP level 1. HP: 14/14 MP: 3/3
   177 | D:1      | Reached XP level 2. HP: 17/20 MP: 1/5
  1040 | D:2      | Noticed Natasha
  1046 | D:2      | Killed Natasha
  1046 | D:2      | Reached XP level 3. HP: 26/26 MP: 2/6
  1070 | D:2      | Noticed Natasha
  1079 | D:2      | Killed Natasha
  1079 | D:2      | Reached skill level 4 in Fire Magic
  1079 | D:2      | Reached XP level 4. HP: 28/33 MP: 0/7
  1262 | D:2      | Noticed Natasha
  1272 | D:2      | Killed Natasha
  1482 | D:2      | Learned a level 3 spell: Conjure Flame
  1663 | D:2      | Found a runed translucent door.
  1821 | D:2      | Found a hide-covered altar of Uskayaw.
  2071 | D:2      | Reached XP level 5. HP: 31/38 MP: 2/8
  2233 | D:3      | You fall into a shaft and drop 1 floor!
  2282 | D:4      | Noticed Edmund
  2298 | D:4      | Learned a level 4 spell: Sticky Flame
  2368 | D:4      | Reached skill level 5 in Fire Magic
  2743 | D:3      | Noticed Sigmund
  2889 | D:3      | Reached XP level 6. HP: 13/45 MP: 3/10
  3667 | D:4      | Got a slimy short sword
  3668 | D:4      | Identified the +9 short sword of Midnight {pain, rPois rC+
                  | Int+4 Dex-5} (You found it on level 4 of the Dungeon)
  3842 | D:4      | Reached skill level 1 in Fighting
  4159 | D:4      | Killed Edmund
  4159 | D:4      | Your scales start taking on a lurid green colour.
  4159 | D:4      | Reached XP level 7. HP: 53/53 MP: 3/12
  4159 | D:4      | Gained mutation: Your system is resistant to poisons.
                  | (rPois) [Green Draconian growth]
  4160 | D:4      | Quit the game

Levels and vault maps discovered:
D:1:      ldierk_water_garden, layout_rooms
D:2:      layout_rooms, lemuel_doored_altar, serial_corexii_hall,
          chequers_hall_statues_wall_a, corexii_hall_statues_s,
          kennysheep_boxes, uniq_natasha, uniq_crazy_yiuf_cottage
D:3:      layout_rooms, uniq_sigmund
D:4:      layout_loops_ring, first_ration, uniq_edmund

Skill      XL: |  1  2  3  4  5  6 |
---------------+-------------------+-----
Conjurations   | 2 3 4 |  4.5
Fire Magic     | 4 5 |  5.4
Spellcasting   | 3 |  3.3
Fighting       | 1 |  1.8
Short Blades   | |  0.2
Dodging        | |  1.7
Stealth        | |  1.7

Action                   |  1- 3 |  4- 6 |  7- 9 || total
-------------------------+-------+-------+-------++-------
Melee: Unarmed           |    39 |       |       ||    39
       Tailslap          |     4 |     3 |       ||     7
       Short sword       |     6 |     6 |       ||    12
       Dagger            |     1 |    23 |       ||    24
Throw: Stone             |       |    18 |       ||    18
 Cast: Flame Tongue      |    41 |    94 |       ||   135
       Conjure Flame     |       |     1 |       ||     1
       Sticky Flame      |       |     3 |       ||     3
  Use: Scroll            |       |     7 |       ||     7
       Potion            |       |     3 |       ||     3
 Stab: Sleeping          |     1 |     2 |       ||     3
  Eat: Chunk             |     1 |     8 |       ||     9
       Ration            |       |     1 |       ||     1
Armor: Skin              |    15 |    22 |       ||    37
Dodge: Dodged            |    44 |    40 |       ||    84
